[Event "Titled Tuesday Blitz July 18 Early 2023"]
[White "Korpics, Zsolt"]
[Black "Ishowmoves57"]
[WhiteFideId "705241"]
[WhiteElo "2329"]
[BlackElo "2119"]
[Result "1-0"]
[Round "4"]
[TimeControl "180+2"]
[Date "2023.07.18"]
[WhiteClock "0:00:09"]
[BlackClock "0:00:00"]
[Board "204"]

1. e4 c5 2. Nf3 Nc6 3. d4 cxd4 4. Nxd4 e5 5. Nb5 d6 6. N1c3 a6 7. Na3 b5 8. Nd5 Nf6 9. Bg5 Be7 10. Bxf6 Bxf6 11. c4 Nd4 12. cxb5 axb5 13. Nxb5 O-O 14. Nxd4 exd4 15. Bd3 Qa5+ 16. b4 Qa3 17. O-O Bg5 18. f4 Bh6 19. Qf3 Bg4 20. Nf6+ gxf6 21. Qxg4+ Kh8 22. Rf3 Qb2 23. Rb1 Qd2 24. Qh5 Rxa2 25. Bf1 Bxf4 26. Rh3 Be3+ 27. Kh1 h6 28. Qf5 Rg8 29. Qxf6+ Rg7 30. Rg3 Bg5 31. Qf5 Bf4 32. Rxg7 Kxg7 33. Qg4+ Kf6 34. Bc4 1-0


[Site "https://www.chess.com"]

[Event "Titled Tuesday Blitz July 18 Early 2023"]
[White "Johnson, Ben"]
[Black "Tosic, Srecko"]
[WhiteFideId "2010917"]
[BlackFideId "924563"]
[WhiteElo "2117"]
[BlackElo "2320"]
[Result "1-0"]
[Round "4"]
[TimeControl "180+2"]
[Date "2023.07.18"]
[WhiteClock "0:00:41"]
[BlackClock "0:00:15"]
[Board "205"]

1. Nf3 d5 2. e3 Nd7 3. c4 c6 4. Nc3 e6 5. b3 Ngf6 6. Bb2 Be7 7. d4 O-O 8. Bd3 b6 9. cxd5 exd5 10. O-O Bb7 11. Rc1 Bd6 12. Ne2 Re8 13. Ng3 g6 14. h4 Bxg3 15. fxg3 Ng4 16. Ng5 Nxe3 17. Qf3 f6 18. Nxh7 Nxf1 19. Rxf1 Kg7 20. h5 Qe7 21. Bc1 Rh8 22. hxg6 Rae8 23. Qh5 Kg8 24. Bf5 Nf8 25. Qg4 Rxh7 26. gxh7+ Kh8 27. Qg8# 1-0


[Site "https://www.chess.com"]

[Event "Titled Tuesday Blitz July 18 Early 2023"]
[White "campochess"]
[Black "Ziatdinov, Raset"]
[BlackFideId "2015323"]
[WhiteElo "2114"]
[BlackElo "2319"]
[Result "1-0"]
[Round "4"]
[TimeControl "180+2"]
[Date "2023.07.18"]
[WhiteClock "0:01:38"]
[BlackClock "0:00:26"]
[Board "206"]

1. d4 Nf6 2. Bg5 g6 3. Bxf6 exf6 4. e3 Bg7 5. c4 O-O 6. Nc3 f5 7. g3 Re8 8. Bg2 c6 9. Nge2 Na6 10. O-O Nc7 11. Rc1 d5 12. cxd5 cxd5 13. Nf4 Be6 14. Qb3 Qd7 15. Na4 b6 16. Nc3 Rad8 17. Rfd1 g5 18. Nd3 f6 19. Nb4 Bf8 20. a3 h5 21. Rd2 f4 22. Rdc2 fxe3 23. fxe3 h4 24. Nd1 hxg3 25. Rxc7 gxh2+ 26. Kh1 Qd6 27. Qc2 Rc8 28. Qh7# 1-0


[Site "https://www.chess.com"]

[Event "Titled Tuesday Blitz July 18 Early 2023"]
[White "EdmundPlayer"]
[Black "Marin Masis, Jose Esteban"]
[BlackFideId "6508146"]
[WhiteElo "2316"]
[BlackElo "2110"]
[Result "0-1"]
[Round "4"]
[TimeControl "180+2"]
[Date "2023.07.18"]
[WhiteClock "0:00:00"]
[BlackClock "0:00:11"]
[Board "207"]

1. e4 c5 2. Nf3 Nc6 3. Bb5 g6 4. Bxc6 bxc6 5. d3 Bg7 6. O-O d6 7. Nbd2 Nf6 8. h3 O-O 9. Re1 e5 10. c3 Nh5 11. Nc4 f5 12. exf5 Bxf5 13. g4 Qd7 14. gxf5 Qxf5 15. Kg2 Rf6 16. Bg5 Nf4+ 17. Bxf4 Qxf4 18. Re4 Qf5 19. Ne3 Qe6 20. d4 cxd4 21. cxd4 Raf8 22. Ng5 Rxf2+ 23. Kg1 Qf6 24. Rg4 exd4 25. Ng2 h5 26. Ne4 Qf5 27. Nxf2 Qxf2+ 28. Kh1 hxg4 29. Qxg4 Qf1+ 0-1


[Site "https://www.chess.com"]

[Event "Titled Tuesday Blitz July 18 Early 2023"]
[White "Winkels, Marcel"]
[Black "Alfaro, William"]
[WhiteFideId "1003887"]
[BlackFideId "6100457"]
[WhiteElo "2099"]
[BlackElo "2306"]
[Result "0-1"]
[Round "4"]
[TimeControl "180+2"]
[Date "2023.07.18"]
[WhiteClock "0:00:00"]
[BlackClock "0:00:58"]
[Board "208"]

1. e4 c5 2. Nf3 Nc6 3. d4 cxd4 4. Nxd4 g6 5. c4 Bg7 6. Nc2 Nf6 7. Nc3 d6 8. Be2 O-O 9. O-O Be6 10. Be3 Ne5 11. b3 a6 12. Nd4 Qa5 13. Rc1 Rfc8 14. Qd2 b5 15. Nd5 Qxd2 16. Bxd2 Bxd5 17. exd5 bxc4 18. f4 Nd3 19. Rxc4 Nc5 20. Nc6 Nxd5 21. Bf3 e6 22. Bxd5 exd5 23. Ne7+ Kf8 24. Nxc8 dxc4 25. Nxd6 cxb3 26. axb3 Rd8 27. Bb4 Bd4+ 28. Kh1 Rxd6 29. Rd1 Ke7 30. Rxd4 Rc6 31. Rc4 Kd6 32. Rc3 Kd5 33. h3 Ne6 34. Rxc6 Kxc6 35. Bd2 Kd5 36. Kg1 Nd4 37. b4 Nb3 38. Be1 Ke4 39. Kf2 Kxf4 40. Ke2 Ke4 41. Kd1 Kd3 42. g4 Nd4 43. Kc1 Ne2+ 44. Kb2 Nf4 45. h4 Ng2 46. Bg3 f5 47. gxf5 gxf5 48. Kb3 f4 49. Bf2 Ne3 50. Ka4 Kc4 51. Ka5 Nd5 52. Kxa6 Nxb4+ 53. Kb6 Nd3 54. Bg1 Kd5 0-1


[Site "https://www.chess.com"]

[Event "Titled Tuesday Blitz July 18 Early 2023"]
[White "Freile Martin, Javier"]
[Black "Schain, Randolph"]
[WhiteFideId "3600165"]
[BlackFideId "2003139"]
[WhiteElo "2280"]
[BlackElo "2063"]
[Result "0-1"]
[Round "4"]
[TimeControl "180+2"]
[Date "2023.07.18"]
[WhiteClock "0:00:00"]
[BlackClock "0:00:06"]
[Board "209"]

1. d4 Nf6 2. c4 e5 3. dxe5 Ng4 4. e3 Nxe5 5. Nc3 g6 6. Nh3 Bg7 7. Nf4 O-O 8. Be2 d6 9. b3 Nf3+ 10. Bxf3 Bxc3+ 11. Bd2 Bxa1 12. Qxa1 c6 13. h4 Nd7 14. h5 Ne5 15. hxg6 fxg6 16. Bc3 Bf5 17. Be2 Qe7 18. g4 Be4 19. Rh3 Rae8 20. c5 dxc5 21. g5 Qxg5 22. Rg3 Qf5 23. Nh5 Qxf2+ 24. Kd2 Rd8+ 25. Bd4 cxd4 26. exd4 Qxd4+ 27. Qxd4 Rxd4+ 28. Ke3 c5 29. Nf4 Bf5 30. b4 Rxb4 31. Rg1 Nc4+ 32. Kf2 Re8 33. Bf3 Rb2+ 34. Kg3 Ne3 0-1


[Site "https://www.chess.com"]

[Event "Titled Tuesday Blitz July 18 Early 2023"]
[White "Magallanes, Rey Jomar"]
[Black "Slayyy_200"]
[WhiteFideId "5205948"]
[WhiteElo "2269"]
[BlackElo "2030"]
[Result "1-0"]
[Round "4"]
[TimeControl "180+2"]
[Date "2023.07.18"]
[WhiteClock "0:00:49"]
[BlackClock "0:00:00"]
[Board "210"]

1. e4 c5 2. Nf3 Nc6 3. d4 cxd4 4. Nxd4 Nf6 5. Nc3 e5 6. Ndb5 d6 7. Bg5 a6 8. Na3 b5 9. Nd5 Be7 10. Bxf6 Bxf6 11. c3 O-O 12. Nc2 Rb8 13. Bd3 Bg5 14. a4 Be6 15. h4 Bh6 16. Nce3 Ne7 17. axb5 axb5 18. b4 Ng6 19. Nf5 Bf4 20. h5 Bxd5 21. hxg6 Be6 22. Qh5 h6 23. g3 fxg6 24. Qxg6 Bxf5 25. exf5 Bg5 26. f6 Qxf6 27. Qh7+ Kf7 28. Ra7+ Ke8 29. O-O Be3 30. Qg6+ Qxg6 31. Bxg6+ Kd8 32. fxe3 Rxf1+ 33. Kxf1 Rc8 34. Rxg7 Rxc3 35. Rb7 Rxe3 36. Kf2 Rb3 37. Rxb5 Kc7 38. Be4 Rb2+ 39. Kf3 h5 40. Rb7+ Kc8 41. b5 1-0


[Site "https://www.chess.com"]

[Event "Titled Tuesday Blitz July 18 Early 2023"]
[White "Penagalapati, Abhinav"]
[Black "arturdailima"]
[WhiteFideId "30938210"]
[WhiteElo "1991"]
[BlackElo "2269"]
[Result "1-0"]
[Round "4"]
[TimeControl "180+2"]
[Date "2023.07.18"]
[WhiteClock "0:00:34"]
[BlackClock "0:01:00"]
[Board "211"]

1. Nf3 d6 2. g3 Nf6 3. Bg2 g6 4. O-O Bg7 5. b3 O-O 6. Bb2 e5 7. c4 Qe7 8. d3 Nc6 9. Nbd2 Nh5 10. Qc2 f5 11. e3 f4 12. exf4 exf4 13. Rae1 Qf7 14. Ng5 Qf5 15. Bd5+ Kh8 16. Ndf3 h6 17. Ne6 Bxe6 18. Bxe6 Qc5 19. d4 Nxd4 20. Nxd4 Bxd4 21. b4 Qb6 22. Qxg6 Rf6 23. Bxd4 Qxd4 24. Qxh5 fxg3 25. hxg3 Raf8 26. Qg4 Qb2 27. Re2 Qc3 28. Bd5 Rf5 29. b5 Rg5 30. Qh4 Qf6 31. Re6 Rxg3+ 32. Qxg3 Qg5 33. Qxg5 hxg5 34. Kg2 Kg7 35. Rh1 c6 36. bxc6 bxc6 37. Bxc6 Rf4 38. Bd5 Rg4+ 39. Kf3 Rd4 40. Ke3 Rf4 41. Re7+ Kf6 42. Rhh7 Kg6 43. Reg7+ Kf6 44. Rf7+ Ke5 45. Re7+ Kf5 46. Be4+ Kg4 47. Bd5 a5 48. Re4 Kf5 49. Rxf4+ gxf4+ 50. Kf3 Ke5 51. Rh5+ Kd4 52. Kxf4 Kc3 53. Rh6 Kb2 54. Rxd6 Kxa2 55. Ra6 a4 56. Rxa4+ Kb3 57. Ra8 Kb4 58. Ke5 Kc5 59. f4 Kb4 60. f5 Kc3 61. f6 1-0


[Site "https://www.chess.com"]

[Event "Titled Tuesday Blitz July 18 Early 2023"]
[White "abelmat"]
[Black "Zaichenko, Daria"]
[BlackFideId "4197453"]
[WhiteElo "1959"]
[BlackElo "2253"]
[Result "0-1"]
[Round "4"]
[TimeControl "180+2"]
[Date "2023.07.18"]
[WhiteClock "0:00:06"]
[BlackClock "0:01:35"]
[Board "212"]

1. d4 d5 2. c4 e6 3. Nf3 Nf6 4. Nc3 Be7 5. Bf4 O-O 6. e3 Ne4 7. Qc2 f5 8. Bd3 c6 9. O-O Nd7 10. Ne5 Nxe5 11. Bxe5 Bd6 12. f4 Bxe5 13. fxe5 Bd7 14. Rf3 Be8 15. Bxe4 dxe4 16. Rf2 Qc7 17. Raf1 Rd8 18. Nxe4 Bg6 19. Nc5 f4 20. e4 Qe7 21. Rxf4 Rxf4 22. Rxf4 Rxd4 23. Nb3 Rd8 24. h3 Qg5 25. Qf2 Qxe5 26. Nc5 h6 27. Nxb7 Rb8 28. Qxa7 Qxf4 29. b3 Qc7 30. c5 Qxb7 0-1


[Site "https://www.chess.com"]

[Event "Titled Tuesday Blitz July 18 Early 2023"]
[White "Saim, Mohamed Ilias"]
[Black "laimis61"]
[WhiteFideId "7900465"]
[WhiteElo "1909"]
[BlackElo "2232"]
[Result "0-1"]
[Round "4"]
[TimeControl "180+2"]
[Date "2023.07.18"]
[WhiteClock "0:00:06"]
[BlackClock "0:01:54"]
[Board "213"]

1. c4 e6 2. g3 d5 3. Bg2 dxc4 4. Qa4+ Nd7 5. Qxc4 a6 6. Qc2 Ngf6 7. Nc3 Be7 8. e3 O-O 9. Nge2 c5 10. O-O Qc7 11. b3 Rb8 12. d4 b5 13. Ne4 Bb7 14. Nxc5 Nxc5 15. dxc5 Bxg2 16. Kxg2 Bxc5 17. Bb2 Rbc8 18. Bxf6 gxf6 19. Qe4 f5 20. Qh4 Qe7 21. Qh6 Bd6 22. Rfd1 Be5 23. Rac1 Bg7 24. Qh3 Qa3 25. Rxc8 Rxc8 26. Nf4 Qxa2 27. Nh5 Qxb3 28. Rd7 Qc2 29. Nxg7 Qc6+ 30. Kg1 Qxd7 31. Nh5 Rc1+ 32. Kg2 Qd5+ 33. e4 Qxe4+ 34. f3 Qe2# 0-1


[Site "https://www.chess.com"]

[Event "Titled Tuesday Blitz July 18 Early 2023"]
[White "Navyblue1"]
[Black "Sarkar, Justin"]
[BlackFideId "2010011"]
[WhiteElo "1872"]
[BlackElo "2231"]
[Result "0-1"]
[Round "4"]
[TimeControl "180+2"]
[Date "2023.07.18"]
[WhiteClock "0:00:00"]
[BlackClock "0:00:12"]
[Board "214"]

1. d4 e6 2. c4 f5 3. Nc3 Nf6 4. g3 Be7 5. Bg2 d5 6. Nf3 O-O 7. O-O c6 8. b3 Ne4 9. Qc2 Nd7 10. a4 a5 11. Ba3 Bxa3 12. Rxa3 Qe7 13. Raa1 Qb4 14. Nxe4 fxe4 15. Ng5 Qe7 16. h4 Nf6 17. Qc3 Bd7 18. Rac1 Be8 19. Bh3 Bd7 20. Qd2 h6 21. cxd5 exd5 22. Bxd7 Qxd7 23. Kg2 hxg5 24. hxg5 Nh5 25. Rh1 g6 26. Qe3 Kg7 27. Rh4 Qf5 0-1


[Site "https://www.chess.com"]

[Event "Titled Tuesday Blitz July 18 Early 2023"]
[White "Kev4444444444"]
[Black "Castillo Pena, Patricia Evarista"]
[BlackFideId "6412106"]
[WhiteElo "2224"]
[BlackElo "1835"]
[Result "1-0"]
[Round "4"]
[TimeControl "180+2"]
[Date "2023.07.18"]
[WhiteClock "0:01:16"]
[BlackClock "0:00:59"]
[Board "215"]

1. d4 d5 2. c4 c6 3. Nf3 Nf6 4. cxd5 cxd5 5. Nc3 e6 6. Bf4 Bd6 7. Bxd6 Qxd6 8. e3 O-O 9. Bd3 Bd7 10. O-O Bc6 11. Rc1 Nbd7 12. a3 Ne4 13. Qc2 f5 14. Nd2 Rac8 15. f3 Nxc3 16. Qxc3 Nf6 17. f4 Ne4 18. Bxe4 fxe4 19. b4 Bb5 20. Qxc8 Rxc8 21. Rxc8+ Kf7 22. Rfc1 Bc6 23. Nb3 Qd7 24. Rh8 b6 25. Rxh7 Kg8 26. Rh5 Ba4 27. Nd2 Bb5 28. Rg5 Kf7 29. Kf2 a5 30. bxa5 bxa5 31. Rc5 a4 32. Nxe4 dxe4 33. Rxb5 Qxb5 34. Rxb5 1-0


[Site "https://www.chess.com"]

[Event "Titled Tuesday Blitz July 18 Early 2023"]
[White "ajedrez-facil"]
[Black "Nan M K Khine Hlyan"]
[BlackFideId "13002899"]
[WhiteElo "2219"]
[BlackElo "1752"]
[Result "1-0"]
[Round "4"]
[TimeControl "180+2"]
[Date "2023.07.18"]
[WhiteClock "0:00:21"]
[BlackClock "0:00:13"]
[Board "216"]

1. e4 d6 2. d4 Nf6 3. Nc3 g6 4. Bg5 Bg7 5. e5 dxe5 6. dxe5 Qxd1+ 7. Rxd1 Nfd7 8. f4 f6 9. exf6 exf6 10. Bh4 O-O 11. Bc4+ Kh8 12. Nf3 Nb6 13. Bb3 Bg4 14. Kf2 Nc6 15. Rhe1 h6 16. h3 Bxf3 17. Kxf3 g5 18. Bf2 f5 19. Nb5 h5 20. fxg5 Bxb2 21. Nxc7 Rac8 22. Bxb6 axb6 23. Ne6 Ne5+ 24. Rxe5 Bxe5 25. Nxf8 Rxf8 26. Rd7 Bd4 27. g6 Bg7 28. Rxb7 Rc8 29. Rxb6 Rc3+ 30. Kf4 Bh6+ 31. Kxf5 Rc5+ 32. Ke4 Kg7 33. a4 Rg5 34. Kf3 Rf5+ 35. Ke2 Re5+ 36. Kf1 Be3 37. Re6 Rf5+ 38. Ke2 Bc5 39. Rc6 Bb4 40. Bf7 Re5+ 41. Kd3 Re1 42. g4 hxg4 43. hxg4 Rg1 44. Rc4 Ba5 45. Re4 Rg3+ 46. Kc4 Rg1 47. Kb5 Rd1 48. Kxa5 Rd8 49. c4 Ra8+ 50. Kb4 Rb8+ 51. Kc3 Rc8 52. Re1 Rd8 53. Ra1 Ra8 54. a5 Ra6 55. Kb4 Kf6 56. Kb5 Ra8 57. a6 Rd8 58. a7 Rd2 59. a8=Q Rb2+ 60. Kc5 Kg7 61. Qf3 Rb8 62. Qc3+ Kh6 63. Rh1+ Kg5 64. Qe5+ Kxg4 65. Be6+ Kf3 66. Rh3+ Kf2 67. Qe3+ Kg2 68. Rg3+ Kh2 69. Qg1# 1-0


[Site "https://www.chess.com"]

[Event "Titled Tuesday Blitz July 18 Early 2023"]
[White "Nakamura, Hikaru"]
[Black "Aravindh, Chithambaram VR."]
[WhiteFideId "2016192"]
[BlackFideId "5072786"]
[WhiteElo "3251"]
[BlackElo "2956"]
[Result "1-0"]
[Round "5"]
[TimeControl "180+2"]
[Date "2023.07.18"]
[WhiteClock "0:00:22"]
[BlackClock "0:00:00"]
[Board "1"]

1. a3 c6 2. b4 Nf6 3. Bb2 g6 4. c4 Bg7 5. Nf3 O-O 6. e3 d5 7. d4 a5 8. b5 cxb5 9. cxb5 Bf5 10. Nc3 Nbd7 11. Nh4 Bg4 12. Qb3 e5 13. Ne2 Re8 14. h3 Bxe2 15. Bxe2 Ne4 16. Nf3 exd4 17. Bxd4 Bxd4 18. Nxd4 Qf6 19. O-O Nd2 20. Qxd5 Nxf1 21. Rxf1 Ne5 22. Qxb7 a4 23. Rc1 Rad8 24. Qa6 Qe7 25. Rc3 Nd7 26. Qxa4 Nb6 27. Qd1 Nd5 28. Rd3 Rc8 29. Nc6 Rxc6 30. bxc6 Nc7 31. Rd7 Qe5 32. Bc4 Rf8 33. Qd6 Qa1+ 34. Kh2 Ne8 35. Qe7 Qc3 36. Bxf7+ 1-0


[Site "https://www.chess.com"]

[Event "Titled Tuesday Blitz July 18 Early 2023"]
[White "Dubov, Daniil"]
[Black "Tasdogen, Dincer"]
[WhiteFideId "24126055"]
[BlackFideId "6367097"]
[WhiteElo "3095"]
[BlackElo "2950"]
[Result "1-0"]
[Round "5"]
[TimeControl "180+2"]
[Date "2023.07.18"]
[WhiteClock "0:00:04"]
[BlackClock "0:00:00"]
[Board "2"]

1. e4 g6 2. d4 Bg7 3. Nc3 c6 4. Nf3 d5 5. h3 dxe4 6. Nxe4 Nf6 7. Bd3 O-O 8. O-O Nbd7 9. c3 Qc7 10. Re1 b6 11. Bg5 Bb7 12. Qe2 Rfe8 13. Rad1 c5 14. dxc5 Nxc5 15. Nxc5 Qxc5 16. Be3 Qc7 17. Bd4 Rad8 18. Bb5 Bc6 19. Ne5 Bxb5 20. Qxb5 Rd5 21. Qc6 Rc8 22. Qxc7 Rxc7 23. Kf1 Nd7 24. Nf3 Bxd4 25. Rxe7 Kf8 26. Re2 Nc5 27. Rxd4 Rxd4 28. Nxd4 a6 29. h4 b5 30. g3 Rd7 31. Kg2 Na4 32. Rd2 Ke7 33. Kf3 Kf6 34. Kf4 h6 35. g4 g5+ 36. hxg5+ hxg5+ 37. Kf3 Nb6 38. Nb3 Rxd2 39. Nxd2 Na4 40. Ne4+ Kg6 41. b3 Nb6 42. Ke3 f5 43. gxf5+ Kxf5 44. Kd4 Kf4 45. Nf6 Nc8 46. c4 bxc4 47. bxc4 Kf3 48. c5 Ne7 49. Ke5 Nc6+ 50. Kd6 Nb4 51. a3 Nc2 52. a4 Nd4 53. c6 Nxc6 54. Kxc6 1-0


[Site "https://www.chess.com"]

[Event "Titled Tuesday Blitz July 18 Early 2023"]
[White "Gholami Orimi, Mahdi"]
[Black "Sarana, Alexey"]
[WhiteFideId "12558486"]
[BlackFideId "24133795"]
[WhiteElo "2930"]
[BlackElo "3030"]
[Result "0-1"]
[Round "5"]
[TimeControl "180+2"]
[Date "2023.07.18"]
[WhiteClock "0:00:18"]
[BlackClock "0:01:43"]
[Board "3"]

1. d4 Nf6 2. c4 e6 3. Nc3 d5 4. cxd5 exd5 5. Bg5 c6 6. e3 Bf5 7. Bd3 Bxd3 8. Qxd3 Be7 9. Nge2 O-O 10. O-O Nbd7 11. f3 Nh5 12. Bxe7 Qxe7 13. e4 dxe4 14. fxe4 Rad8 15. Qh3 g6 16. Nf4 Nxf4 17. Rxf4 c5 18. Nd5 Qe6 19. Qh6 f6 20. dxc5 Nxc5 21. Raf1 Nxe4 22. Rxe4 Qxe4 23. Nxf6+ Rxf6 24. Rxf6 Rd1+ 25. Kf2 Qe1+ 26. Kf3 Qf1+ 0-1


[Site "https://www.chess.com"]

[Event "Titled Tuesday Blitz July 18 Early 2023"]
[White "Duda, Jan-Krzysztof"]
[Black "Jones, Gawain C B"]
[WhiteFideId "1170546"]
[BlackFideId "409561"]
[WhiteElo "3025"]
[BlackElo "2930"]
[Result "0-1"]
[Round "5"]
[TimeControl "180+2"]
[Date "2023.07.18"]
[WhiteClock "0:00:00"]
[BlackClock "0:00:05"]
[Board "4"]

1. d4 d5 2. Bg5 f6 3. Bd2 Nc6 4. e3 e5 5. Nf3 e4 6. Ng1 Be6 7. Bb5 f5 8. Nh3 Nf6 9. a3 Qd7 10. Bb4 Bxb4+ 11. axb4 a6 12. Qd2 O-O 13. Be2 Qd6 14. c3 Nd8 15. Na3 Bd7 16. c4 Ne6 17. O-O c6 18. b5 axb5 19. cxb5 g5 20. Kh1 f4 21. Nc2 Rxa1 22. Rxa1 Kh8 23. Qb4 Qxb4 24. Nxb4 f3 25. Bf1 g4 26. Nf4 Nxf4 27. exf4 cxb5 28. g3 Rc8 29. Kg1 Kg7 30. Kh1 Kf7 31. Kg1 Ke6 32. h3 h5 33. hxg4 hxg4 34. Rb1 Ne8 35. Ra1 Nd6 36. Rb1 Nf5 37. Re1 Nxd4 38. Rd1 Ne2+ 39. Bxe2 fxe2 40. Re1 Rc4 41. Na2 Rc2 42. Nc3 d4 43. Nxe2 Rd2 44. Kf1 b4 45. b3 Bb5 46. Kg2 Rxe2 47. Rh1 d3 48. Rh6+ Kd7 49. Rh7+ Kc6 50. Rh6+ Kc7 51. Rh7+ Kb6 52. Rh6+ Bc6 53. Kf1 e3 54. fxe3 Rxe3 55. Kf2 d2 56. Rd6 Rf3+ 57. Ke2 Rxg3 58. Kxd2 Rxb3 59. Rg6 g3 60. f5 g2 61. f6 Rf3 62. Rxg2 Rxf6 63. Rg4 Rd6+ 64. Kc2 Ba4+ 65. Kb2 Kc5 66. Rg5+ Rd5 67. Rg2 Bc6 68. Rc2+ Kb5 69. Rh2 Rd3 70. Kc2 Rc3+ 71. Kb2 Ka4 72. Rf2 Re3 73. Rh2 Bb5 74. Rh5 Re2+ 75. Kc1 b3 76. Rh4+ Ka3 77. Kd1 Rc2 78. Rh5 Kb4 79. Rh4+ Rc4 80. Rh2 Ka3 81. Rh7 b2 0-1


[Site "https://www.chess.com"]

[Event "Titled Tuesday Blitz July 18 Early 2023"]
[White "Xu, Xiangyu"]
[Black "Demidov, Mikhail"]
[WhiteFideId "8608288"]
[BlackFideId "4197143"]
[WhiteElo "2993"]
[BlackElo "2923"]
[Result "1-0"]
[Round "5"]
[TimeControl "180+2"]
[Date "2023.07.18"]
[WhiteClock "0:00:07"]
[BlackClock "0:00:01"]
[Board "5"]

1. d4 g6 2. Bf4 Bg7 3. e3 d6 4. Nf3 Nd7 5. Bc4 e5 6. Bg3 Nh6 7. dxe5 dxe5 8. Nc3 O-O 9. Bh4 Bf6 10. Bxf6 Qxf6 11. Nd2 Nb6 12. Bb3 Rd8 13. O-O Qe7 14. Qe2 Kg7 15. Rfd1 Bg4 16. f3 Bd7 17. a4 a5 18. Nde4 Bc6 19. Rd3 Rxd3 20. cxd3 Rd8 21. Rc1 f5 22. Nf2 Nf7 23. Nb5 Rd7 24. Qc2 Qb4 25. Bxf7 Rxf7 26. d4 Nxa4 27. Na7 exd4 28. Nxc6 bxc6 29. Nd3 Qb5 30. exd4 Re7 31. b3 Nb6 32. Ne5 Qd5 33. Nxc6 Rd7 34. h4 Qd6 35. Qc5 Nd5 36. Ne5 Rd8 37. h5 gxh5 38. Qxa5 Rb8 39. Rc6 Qd8 40. Rc5 Nf6 41. Rxc7+ Kg8 42. Qa7 Ra8 43. Rg7+ Kh8 44. Qe7 Qxe7 45. Rxe7 Nd5 46. Rf7 f4 47. Nd7 Ra1+ 48. Kh2 Rd1 49. Nf6 Nxf6 50. Rxf6 Rxd4 51. Rb6 Kg7 52. b4 Rd2 53. b5 Rb2 54. Kh3 Rb4 55. Rb8 Rb2 56. b6 h6 57. b7 Rb1 58. g3 fxg3 59. Kxg3 Rb3 60. Kg2 h4 61. f4 h3+ 62. Kh2 h5 63. f5 Rb6 64. f6+ Kxf6 65. Rf8+ Kg7 66. b8=Q Rxb8 67. Rxb8 1-0


[Site "https://www.chess.com"]

[Event "Titled Tuesday Blitz July 18 Early 2023"]
[White "Antipov, Mikhail Al."]
[Black "Oparin, Grigoriy"]
[WhiteFideId "4107012"]
[BlackFideId "24125890"]
[WhiteElo "2911"]
[BlackElo "2987"]
[Result "0-1"]
[Round "5"]
[TimeControl "180+2"]
[Date "2023.07.18"]
[WhiteClock "0:00:04"]
[BlackClock "0:00:02"]
[Board "6"]

1. e4 e5 2. Nf3 Nc6 3. Bc4 Nf6 4. d3 Bc5 5. O-O d6 6. c3 a5 7. Re1 h6 8. Nbd2 O-O 9. Nf1 Bb6 10. Ng3 Be6 11. b3 Re8 12. Bb5 Bd7 13. h3 d5 14. Ba3 d4 15. Bxc6 Bxc6 16. cxd4 Bxd4 17. Nxd4 Qxd4 18. Nf5 Qd7 19. Re3 Kh7 20. Rf3 Nh5 21. g3 a4 22. Qe2 axb3 23. axb3 Bb5 24. Kh2 Red8 25. Re3 g6 26. Bb2 Rxa1 27. Bxa1 Bxd3 28. Qg4 gxf5 29. Qxh5 Bxe4 30. Bxe5 Re8 31. Bc3 Re6 32. Re1 Rd6 33. g4 Rg6 34. Be5 Qe6 35. Bg3 fxg4 36. Rd1 Qf5 37. Qh4 Qg5 38. Qxg5 Rxg5 39. Rd7 Kg6 40. hxg4 Rxg4 41. Rxc7 Bc6 42. Re7 Rb4 43. Re3 h5 44. Bd6 Rd4 45. Rg3+ Kf5 46. Bc5 Rd5 47. Be3 f6 48. Rg7 Rd1 49. Rf7 Rh1+ 50. Kg3 h4# 0-1


[Site "https://www.chess.com"]

[Event "Titled Tuesday Blitz July 18 Early 2023"]
[White "Svane, Rasmus"]
[Black "Fridman, Daniel"]
[WhiteFideId "4657101"]
[BlackFideId "11600454"]
[WhiteElo "2972"]
[BlackElo "2869"]
[Result "1/2-1/2"]
[Round "5"]
[TimeControl "180+2"]
[Date "2023.07.18"]
[WhiteClock "0:00:09"]
[BlackClock "0:00:04"]
[Board "7"]

1. Nf3 d5 2. g3 Nf6 3. Bg2 c5 4. O-O Nc6 5. d4 e6 6. c4 dxc4 7. Ne5 Bd7 8. Na3 cxd4 9. Naxc4 Bc5 10. Bf4 O-O 11. Rc1 Rc8 12. a3 Nd5 13. Nxd7 Qxd7 14. Ne5 Nxe5 15. Bxe5 Ne7 16. Qb3 Bb6 17. Rxc8 Rxc8 18. Rd1 Nc6 19. Bxc6 Rxc6 20. e3 f6 21. Bxd4 Rd6 22. Re1 Bxd4 23. exd4 Kf7 24. Qd3 h6 25. Re4 Rd5 26. Qe2 f5 27. Rf4 Rxd4 28. Qh5+ Kf8 29. Rxd4 Qxd4 30. Qe2 Kf7 31. h4 Kf6 32. Kh2 Qe4 33. Qd2 a6 34. Qc3+ Kg6 35. Qb3 Qd5 36. Qe3 Kf6 37. b4 Qe5 38. Qb6 Qd5 39. Qc7 g5 40. Qh7 gxh4 41. Qxh6+ Ke5 42. Qf4+ Kf6 43. Qxh4+ Kf7 44. Qh7+ Kf6 45. Qc7 Qf3 46. Qb6 Qd5 47. a4 Qf3 48. b5 axb5 49. axb5 Qd5 50. Kg1 Ke5 51. Qc7+ Ke4 52. Qf4+ Kd3 53. Qe3+ Kc4 54. b6 Kb5 55. Kh2 e5 56. Qg5 e4 57. Qe3 Kc6 58. Kg1 Qc5 59. Qh6+ Kb5 60. Qf6 Qd5 61. Qb2+ Kc6 62. Qf6+ Kb5 63. Qb2+ Kc6 64. Qf6+ Kb5 1/2-1/2


[Site "https://www.chess.com"]

[Event "Titled Tuesday Blitz July 18 Early 2023"]
[White "Pranav, V"]
[Black "AndresDelgado77"]
[WhiteFideId "25060783"]
[WhiteElo "2963"]
[BlackElo "2361"]
[Result "1-0"]
[Round "5"]
[TimeControl "180+2"]
[Date "2023.07.18"]
[WhiteClock "0:01:37"]
[BlackClock "0:00:00"]
[Board "8"]

1. e4 e6 2. d3 d5 3. Nd2 Nc6 4. Ngf3 Nf6 5. Be2 dxe4 6. dxe4 e5 7. O-O Be7 8. Bb5 Bd6 9. c3 O-O 10. Re1 h6 11. h3 Ne7 12. Bf1 Ng6 13. Nc4 Qe7 14. Qc2 b6 15. Ne3 Re8 16. Nf5 Qe6 17. g4 a5 18. b3 Ba6 19. Bxa6 Rxa6 20. Be3 Raa8 21. Rad1 Rad8 22. g5 hxg5 23. Nxg5 Qc8 24. Bxb6 Bf8 25. Be3 Qb7 26. f3 Qc8 27. Kh2 Nh5 28. Qe2 Nhf4 29. Qc4 Rxd1 30. Qxf7+ Kh8 31. Rxd1 Rd8 32. Rxd8 Qxd8 33. Qxg6 Nxg6 34. Nf7+ Kg8 35. Nxd8 Ba3 36. Ne6 c5 37. Bxc5 Bb2 38. c4 Kf7 39. Nexg7 Nf4 40. h4 Kg6 41. h5+ Kh7 42. h6 1-0


[Site "https://www.chess.com"]

[Event "Titled Tuesday Blitz July 18 Early 2023"]
[White "Atakhan, Abtin"]
[Black "Carlsen, Magnus"]
[WhiteFideId "22502203"]
[BlackFideId "1503014"]
[WhiteElo "2736"]
[BlackElo "3279"]
[Result "0-1"]
[Round "5"]
[TimeControl "180+2"]
[Date "2023.07.18"]
[WhiteClock "0:00:01"]
[BlackClock "0:01:32"]
[Board "9"]

1. d4 d5 2. c4 dxc4 3. Nf3 a6 4. e3 b5 5. a4 Bb7 6. axb5 axb5 7. Rxa8 Bxa8 8. b3 e6 9. bxc4 bxc4 10. Bxc4 Nf6 11. O-O Nbd7 12. Nc3 Bb4 13. Bd2 O-O 14. Be2 c5 15. Nb5 Qa5 16. dxc5 Bxf3 17. Bxb4 Qxb4 18. gxf3 Qxc5 19. Qd6 Qh5 20. Nd4 Ne5 21. Kh1 Ng6 22. Rb1 e5 23. Nc6 Ne4 24. Ne7+ Nxe7 25. Qxe7 Nxf2+ 26. Kg2 Qg6+ 27. Kxf2 Qxb1 28. Qxe5 Qb8 29. Qh5 g6 30. Qh6 Rc8 31. Qh4 Rc2 32. Qe4 Qxh2+ 0-1


[Site "https://www.chess.com"]

[Event "Titled Tuesday Blitz July 18 Early 2023"]
[White "Zhigalko, Sergei"]
[Black "Firouzja, Alireza"]
[WhiteFideId "13502956"]
[BlackFideId "12573981"]
[WhiteElo "2883"]
[BlackElo "3099"]
[Result "0-1"]
[Round "5"]
[TimeControl "180+2"]
[Date "2023.07.18"]
[WhiteClock "0:00:00"]
[BlackClock "0:01:46"]
[Board "10"]

1. e4 e5 2. Nf3 Nc6 3. Bb5 a6 4. Ba4 Nf6 5. O-O Be7 6. Re1 b5 7. Bb3 d6 8. c3 O-O 9. h3 Re8 10. Ng5 Rf8 11. Nf3 Bb7 12. d3 h6 13. Nbd2 Re8 14. Nf1 Bf8 15. N3h2 Na5 16. Bc2 d5 17. Qf3 c5 18. Ng4 Nxg4 19. hxg4 c4 20. dxc4 Nxc4 21. Ng3 d4 22. Nf5 dxc3 23. Qxc3 Rc8 24. Bb3 a5 25. Qg3 a4 26. Bc2 Nxb2 27. Bxb2 Rxc2 28. Bxe5 f6 29. Rad1 Rd2 30. Bd6 Rxd1 31. Rxd1 Bxe4 32. Ne3 Bxd6 33. Rxd6 Qc7 34. Qf4 b4 35. Nf5 Bxf5 36. gxf5 Re1+ 37. Kh2 b3 38. axb3 axb3 39. g3 b2 40. Qd2 b1=Q 41. Rd8+ Kh7 42. Qd5 Rh1+ 43. Kg2 Qcb7 44. Rh8+ Kxh8 0-1


[Site "https://www.chess.com"]